 Dungeon Sprint DCSS version 0.29.1-15-g9cfb28693d (webtiles) character file.

Game seed: 613906536050071814

2109 Groucho the Fighter (level 9, 0/64 HPs)
             Began as a Gargoyle Fighter on Apr 29, 2023.
             Was an Elder of Cheibriados.
             Incinerated by a deep elf pyromancer (6 damage)
             ... with a sticky flame
             ... in the Dungeon (Sprint IX: "|||||||||||||||||||||||||||||").
             The game lasted 00:01:55 (890 turns).

Groucho the Fighter (Gargoyle Fighter)               Turns: 890, Time: 00:01:56

Health: 0/64       AC: 26    Str: 30    XL:     9   Next: 28%
Magic:  3/15       EV: 11    Int: 20    God:    Cheibriados [****..]
Gold:   0          SH:  8    Dex: 22    Spells: 8/8 levels left

rFire   . . .      SeeInvis .   l - +2 morningstar (protect)
rCold   . . .      Faith    .   c - +0 buckler
rNeg    + . .      Spirit   .   m - +2 ring mail
rPois   ∞          Reflect  .   (no helmet)
rElec   +          Harm     .   (no cloak)
rCorr   .          Rampage  .   a - +0 pair of gloves
Will    .....      NoTele   +   (no boots)
Stlth   +.........              (no amulet)
HPRegen 0.20/turn               b - +2 ring of protection
MPRegen 0.14/turn               n - +3 ring of intelligence

@: on fire, under a protective aura, glowing, very slow
A: sickness immunity, AC +6, negative energy resistance 1, electricity
resistance, torment resistance 1, petrification resistance
a: Renounce Religion, Bend Time, Temporal Distortion, Slouch


You were in the Dungeon.
You worshipped Cheibriados.
Cheibriados was greatly pleased with you.
You visited 1 branch

Inventory:

Hand Weapons
 l - a +2 morningstar of protection (weapon)
Armour
 a - a +0 pair of gloves (worn)
 c - a +0 buckler (worn)
 m - a +2 ring mail (worn)
Jewellery
 b - a +2 ring of protection (left hand)
 n - a +3 ring of intelligence (right hand)
Wands
 k - a wand of acid (10)
Scrolls
 i - 2 scrolls of amnesia
 j - 2 scrolls of blinking
Potions
 e - 5 potions of curing
 f - a potion of invisibility
 g - a potion of heal wounds
 h - 4 potions of magic


   Skills:
 + Level 11.0 Fighting
 + Level 9.8 Maces & Flails
 + Level 11.0 Armour
 + Level 1.4 Dodging
 + Level 11.0 Shields
 + Level 8.2 Invocations


You had 8 spell levels left.
You didn't know any spells.
Your spell library was empty.

Dungeon Overview and Level Annotations

Branches:
Dungeon (1/1)

Altars:
Cheibriados
Dithmenos
Elyvilon
Fedhas
Gozag
Hepliaklqana
Kikubaaqudgha
Makhleb
Nemelex Xobeh
Okawaru
Qazlal
Ru
Sif Muna
Trog
Uskayaw
Vehumet
Wu Jian
Xom
Yredelemnul
Zin
The Shining One
Jiyva
Lugonu


Innate Abilities, Weirdness & Mutations

You are immune to sickness and miasma.
Your stone body is resilient. (AC +6)
You are immune to poison.
You resist negative energy. (rN+)
You are resistant to electric shocks. (rElec)
You are resistant to unholy torment.
You are immune to petrification.


Message History

The acid dragon bites you but does no damage.
You block the acid dragon's attack.
Unknown command.
Unknown command.
Unknown command.
You completely miss the acid dragon.
The acid dragon is severely wounded.
You block the acid dragon's attack. x2
The deep elf pyromancer mumbles some strange words.
The deep elf pyromancer blinks!
Unknown command.
Unknown command.
You hit the acid dragon.
The acid dragon is severely wounded.
The acid dragon spits acid at you. The splash of acid hits you.
The deep elf pyromancer points at you and mumbles some strange words.
The sticky flame hits you!
You are covered in liquid flames!
Unknown command.
You puncture the acid dragon!
You kill the acid dragon!
Cheibriados thoroughly appreciates the change of pace.
You are covered in liquid flames!
The deep elf pyromancer gestures at you while chanting.
The bolt of fire hits you!
* * * LOW HITPOINT WARNING * * *
Your Fighting skill increases to level 11!
Your Armour skill increases to level 11!
Your Dodging skill increases to level 1!
Your Shields skill increases to level 11!
Activating: Slouch (5% risk of failure)
Press: ? - help, Dir - look around, f - activate You can feel time thicken for a moment.
You kill the deep elf pyromancer!
Cheibriados thoroughly appreciates the change of pace.
Cheibriados raises the support of your attributes as your movement slows.
Cheibriados lowers the support of your attributes as your movement quickens.
You are covered in liquid flames!
You die... ▓▓▓▓▓▓▓▓▓▓▓▓▓▓▓▓▓▓▓▓▓▓▓▓ +.....)@...)..)..[[..).. ▓▓▓▓▓▓▓▓▓▓▓▓▓▓▓▓▓▓▓▓▓▓▓▓

There were no monsters in sight!

Vanquished Creatures
  A centaur warrior (D)
  A deep elf pyromancer (D)
  An efreet (D)
  A troll (D)
  A shadow (D)
  A wyvern (D)
  A wraith (D)
  A vampire mosquito (D)
  2 acid dragons (D)
  A black bear (D)
  A necrophage (D)
  A howler monkey (D)
  A jelly (D)
  An iguana (D)
  An orc wizard (D)
  An orc (D)
  An endoplasm (D)
  A giant cockroach (D)
  A goblin (D)
  A hobgoblin (D)
  A kobold (D)
22 creatures vanquished.

Notes
Turn   | Place    | Note
-------+----------+-------------------------------------------
     0 | D        | Groucho the Gargoyle Fighter began the quest for the Orb.
     0 | D        | Reached XP level 1. HP: 14/14 MP: 1/1
    19 | D        | Reached XP level 2. HP: 9/20 MP: 2/2
   401 | D        | Noticed a necrophage
   401 | D        | Noticed a black bear
   415 | D        | Killed a black bear
   416 | D        | Reached skill level 5 in Fighting
   416 | D        | Reached skill level 5 in Armour
   416 | D        | Reached skill level 5 in Shields
   416 | D        | Reached XP level 3. HP: 27/27 MP: 3/3
   416 | D        | Reached XP level 4. HP: 32/32 MP: 4/4
   418 | D        | Killed a necrophage
   419 | D        | Reached skill level 5 in Maces & Flails
   419 | D        | Reached XP level 5. HP: 37/37 MP: 5/5
   436 | D        | Found a snail-covered altar of Cheibriados.
   436 | D        | Found a shadowy altar of Dithmenos.
   436 | D        | Found a white marble altar of Elyvilon.
   436 | D        | Found a blossoming altar of Fedhas.
   436 | D        | Found an opulent altar of Gozag.
   437 | D        | Found a hazy altar of Hepliaklqana.
   438 | D        | Found a viscous altar of Jiyva.
   439 | D        | Found an ancient bone altar of Kikubaaqudgha.
   440 | D        | Became a worshipper of Cheibriados the Contemplative
   768 | D        | Found a corrupted altar of Lugonu.
   769 | D        | Found a burning altar of Makhleb.
   770 | D        | Found a sparkling altar of Nemelex Xobeh.
   771 | D        | Found an iron altar of Okawaru.
   772 | D        | Found a stormy altar of Qazlal.
   773 | D        | Found a sacrificial altar of Ru.
   774 | D        | Found a shimmering blue altar of Sif Muna.
   775 | D        | Found a bloodstained altar of Trog.
   776 | D        | Found a hide-covered altar of Uskayaw.
   777 | D        | Found a radiant altar of Vehumet.
   778 | D        | Found an ornate altar of the Wu Jian Council.
   779 | D        | Found a shimmering altar of Xom.
   780 | D        | Found a basalt altar of Yredelemnul.
   781 | D        | Found a glowing silver altar of Zin.
   782 | D        | Found a glowing golden altar of the Shining One.
   830 | D        | Noticed a shadow
   830 | D        | Noticed an acid dragon
   830 | D        | Noticed a wyvern
   830 | D        | Noticed a troll
   830 | D        | Noticed a wraith
   834 | D        | Killed a wraith
   835 | D        | Reached XP level 6. HP: 44/44 MP: 5/8
   838 | D        | Killed a troll
   838 | D        | Reached * piety under Cheibriados
   839 | D        | Reached XP level 7. HP: 37/50 MP: 5/10
   841 | D        | Killed a wyvern
   842 | D        | Reached skill level 5 in Invocations
   847 | D        | Reached ** piety under Cheibriados
   855 | D        | Reached XP level 8. HP: 39/56 MP: 7/12
   856 | D        | Killed a shadow
   864 | D        | Noticed an efreet
   864 | D        | Noticed a centaur warrior
   864 | D        | Noticed a deep elf pyromancer
   871 | D        | Killed a centaur warrior
   871 | D        | Reached *** piety under Cheibriados
   872 | D        | Reached skill level 10 in Fighting
   872 | D        | Reached skill level 10 in Armour
   872 | D        | Reached skill level 10 in Shields
   878 | D        | Killed an efreet
   879 | D        | Reached XP level 9. HP: 34/63 MP: 11/14
   884 | D        | Reached **** piety under Cheibriados
   890 | D        | Reached skill level 1 in Dodging
   890 | D        | Killed a deep elf pyromancer
   890 | D        | Incinerated by a deep elf pyromancer

Illustrated notes

Levels and vault maps discovered:
D:        linesprint [early_d, line_temple, items_1, d_10, items_2, lair_1,
          lair_end, items_3, orc_1, orc_end, items_4, d_15, swamp_1, shoals_1,
          snake_1, spider_1, d_20, vaults_1, items_5, swamp_end, shoals_end,
          snake_end, spider_end, vaults_end, d_27, items_6, zot_1, zot_end,
          crypt_end, forest_end, elf_end, slime_end, tomb_end, abyss_end,
          pan_hell_end]

Skill      XL: |  1  2  3  4  5  6  7  8  9 |
---------------+----------------------------+-----
Fighting       | 5 6 8 9 10 11 | 11.0
Maces & Flails | 4 5 6 7 8 9 |  9.8
Armour         | 5 6 8 9 10 11 | 11.0
Shields        | 5 6 8 9 10 11 | 11.0
Invocations    | 3 4 5 7 8 |  8.2
Dodging        | 1 |  1.4

Action                   |  1- 3 |  4- 6 |  7- 9 || total
-------------------------+-------+-------+-------++-------
Melee: Flail             |    25 |    14 |       ||    39
       Morningstar       |       |     8 |    40 ||    48
Invok: Slouch            |       |       |     2 ||     2
  Use: Potion            |     3 |     1 |     1 ||     5
Armor: Scale mail        |    26 |     1 |       ||    27
       Ring mail         |       |     9 |    34 ||    43
Dodge: Dodged            |    13 |     4 |    12 ||    29
Block: Buckler           |     6 |     6 |    12 ||    24
